 Dungeon Crawl Stone Soup version 0.18.1-50-g88ac8fd (webtiles) character file.

111 varam the Bolt Thrower (level 4, -1/41 HPs)
             Began as a Minotaur Hunter on Oct 22, 2016.
             Slain by an orc
             ... wielding a +0 hand axe
              (4 damage)
             ... on level 3 of the Dungeon.
             The game lasted 00:06:29 (2295 turns).

varam the Bolt Thrower (Minotaur Hunter)            Turns: 2295, Time: 00:06:30

Health: -1/41      AC:  4    Str: 17    XL:     4   Next: 62%
Magic:  3/3        EV: 12    Int:  8    God:
Gold:   72         SH:  0    Dex: 11    Spells: 0 memorised, 3 levels left

rFire  . . .     SeeInvis .     w - +1 hand crossbow
rCold  . . .     Gourm    .     c - +0 leather armour
rNeg   . . .     Faith    .     (no shield)
rPois  .         Spirit   .     (helmet restricted)
rElec  .         Dismiss  .     (no cloak)
rCorr  .         Reflect  .     (no gloves)
SustAt .         Harm     .     u - +0 pair of boots
MR     .....                    (no amulet)
Stlth  +.........               (no ring)
                                (no ring)

@: slowed, very slow, not resistant to hostile enchantments, very unstealthy
A: retaliatory headbutt, horns 2
a: no special abilities


You were on level 3 of the Dungeon.
You were not hungry.

You visited 1 branch of the dungeon, and saw 3 of its levels.

You collected 72 gold pieces.

Inventory:

Hand Weapons
 w - a +1 hand crossbow (weapon)
 x - a +0 short sword
Missiles
 d - 3 bolts (quivered)
Armour
 c - a +0 leather armour (worn)
 u - a +0 pair of boots (worn)
Jewellery
 i - an uncursed ring of poison resistance {unknown}
 k - a +2 ring of dexterity {unknown}
Wands
 s - a wand of lightning (3/15)
Scrolls
 e - 2 scrolls of identify {unknown}
 h - 3 scrolls of blinking {unknown}
 j - a scroll of immolation {unknown}
 m - a scroll of fear {unknown}
Potions
 a - a potion of brilliance {unknown}
 b - a potion of curing {unknown}
 g - a potion of haste {unknown}
 l - a potion of degeneration {unknown}
 n - a potion of mutation {unknown}
 o - a potion of resistance {unknown}
 p - 2 potions of flight {unknown}
 t - a potion of heal wounds {unknown}
Comestibles
 f - a bread ration
 q - 8 chunks of flesh
 r - a meat ration


   Skills:
 + Level 4.7 Fighting
 + Level 5.5 Crossbows
 - Level 2.1 Dodging
 - Level 0.7 Stealth


You had 3 spell levels left.
You didn't know any spells.

Dungeon Overview and Level Annotations

Branches:
Dungeon (3/15)

Altars:
Fedhas
Sif Muna


Innate Abilities, Weirdness & Mutations

You reflexively headbutt those who attack you in melee.
You have a pair of horns on your head.


Message History

You shoot a bolt. The bolt barely misses the orc wizard.
The bolt hits the orc but does no damage.
The orc wizard hits you but does no damage.
The orc priest mumbles some strange prayers to Beogh against you.
Beogh smites you!
* * * LOW HITPOINT WARNING * * *
The orc hits you from afar with a trident.
* * * LOW HITPOINT WARNING * * *
The orc wizard gestures wildly while chanting.
The orc wizard blinks!
Firing (i - inventory):
d - 4 bolts (quivered)
Press: ? - help, Shift-Dir - straight line, f/p - orc wizard
Aim: an orc wizard, wielding a dagger and wearing a robe (heavily wounded, fast)
You shoot a bolt.
The bolt hits the orc wizard but does no damage.
The orc wizard is heavily wounded.
The orc wizard hits you but does no damage.
The orc misses you. The orc wizard barely misses you.
The orc hits you with a hand axe.
You die...

#<....# . ##
#....>+ . ..
#.....###♣♣ .#♣ ..
#.......♣♣.♣♣.. ..
##..##..P..P..♣ .P
#.###.♣♣PP.♣.♣♣ .P
#o##..♣♣.P..P)♣♣P.
#o##.PP♣♣♣♣..P♣.♣♣
#@##.....P♣♣.)...♣
#o##♣♣♣P....♣♣.PP.
#o# ♣..P....P♣..P
#(###♣♣♣♣..♣..§P♣♣
#..#.♣P♣♣♣......♣§
##.#..P♣P....#§.P♣
#..#P.♣P♣......P.
##.#..oo.♣#...#.♣
#.#P♣♣.o(.....(♣


You could see an orc priest, an orc wizard and 2 orcs.

Vanquished Creatures
  A gnoll (D:1)
  2 adders (D:2)
  An ooze (D:2)
  3 worms (D:2)
  A dart slug (D:1)
  3 orcs (D:3)
  5 bats
  3 giant cockroaches
  8 goblins
  9 hobgoblins
  10 kobolds
  4 quokkas
  2 ball pythons
  4 giant newts (D:1)
  11 rats
67 creatures vanquished.

Notes
Turn   | Place    | Note
--------------------------------------------------------------
     0 | D:1      | varam the Minotaur Hunter began the quest for the Orb.
     0 | D:1      | Reached XP level 1. HP: 18/18 MP: 0/0
   175 | D:1      | Reached XP level 2. HP: 26/26 MP: 1/1
   678 | D:1      | Reached XP level 3. HP: 27/31 MP: 2/2
   763 | D:1      | Reached skill level 5 in Crossbows
  1593 | D:2      | Reached XP level 4. HP: 40/40 MP: 3/3
  1742 | D:2      | Found a deep blue altar of Sif Muna.
  2254 | D:3      | Found a blossoming altar of Fedhas.
  2295 | D:3      | Slain by an orc

Skill      XL: |  1  2  3 |
---------------+----------+-----
Fighting       | 3 4 |  4.7
Crossbows      | 5 |  5.5
Dodging        | |  2.1
Stealth        | |  0.7

Action                   |  1- 3 |  4- 6 || total
-------------------------+-------+-------++-------
Melee: Short sword       |    60 |    41 ||   101
       Headbutt          |     9 |    11 ||    20
 Fire: Hand crossbow     |    46 |    14 ||    60
  Eat: Meat ration       |     1 |       ||     1
Armor: Leather armour    |    16 |    16 ||    32
Dodge: Dodged            |    51 |    35 ||    86
